 Dungeon Crawl Stone Soup version 0.31-a0-1074-g0b22e4e0f1 (webtiles) character file.

Game seed: 3378314023214229125

248 BigPumpCobain the Ruffian (level 5, -2/46 HPs)
             Began as a Troll Shapeshifter on Dec 4, 2023.
             Was an Initiate of Trog.
             Slain by an orc
             ... wielding a +2 hand axe of distortion
              (7 damage)
             ... on level 5 of the Dungeon.
             The game lasted 00:04:22 (2670 turns).

BigPumpCobain the Ruffian (Troll Shapeshifter)      Turns: 2670, Time: 00:04:22

Health: -2/46      AC:  4    Str: 24    XL:     5   Next: 86%
Magic:  4/4        EV:  9    Int:  6    God:    Trog [......]
Gold:   247        SH:  5    Dex:  9    Spells: 4/4 levels left

rFire   . .          .
                       - Unarmed
rCold   . . .        (no shield)
rNeg    . . .        a - +0 animal skin
rPois   .            (helmet currently unavailable)
rElec   .            (cloak currently unavailable)
rCorr   .            (gloves unavailable)
SInv    .            (boots unavailable)
Will    .....        r - amulet of reflection
Stlth   +            (no ring)
HPRegen 1.07/turn    (no ring)
MPRegen 0.09/turn

%: reflection
@: beast-form
A: beast (slay +2), large, unfitting armour, claws 3, regeneration 1, shaggy fur
1, tough skin 1
a: Begin Untransformation, Renounce Religion


You were on level 5 of the Dungeon.
You worshipped Trog.
Trog was noncommittal.
You were a hulking beast.
You visited 2 branches of the dungeon, and saw 6 of its levels.

You collected 247 gold pieces.

Inventory:

Armour
 a - a +0 animal skin (worn)
Jewellery
 i - a ring of magical power
 r - an amulet of reflection (around neck)
 u - a +6 ring of intelligence
Talismans
 c - a beast talisman
 d - a flux talisman
Wands
 k - a wand of polymorph (10)
Scrolls
 e - a scroll of noise {unknown}
 f - 2 scrolls of teleportation {unknown}
 h - a scroll of enchant armour {unknown}
 l - a scroll of blinking {unknown}
 m - a scroll of amnesia {unknown}
 n - a scroll of fog {unknown}
 p - a scroll of enchant weapon {unknown}
 s - a scroll of identify {unknown}
 v - a scroll of revelation {unknown}
Potions
 b - a potion of lignification
 g - 3 potions of mutation {unknown}
 j - 2 potions of brilliance {unknown}
 o - a potion of invisibility {unknown}
 q - 2 potions of degeneration {unknown}
 t - a potion of enlightenment {unknown}
 w - 2 potions of curing {unknown}
 x - a potion of heal wounds {unknown}


   Skills:
 - Level 0.7 Fighting
 - Level 1.5 Dodging
 + Level 5.1 Unarmed Combat
 + Level 4.8 Shapeshifting


You had 4 spell levels left.
You didn't know any spells.
Your spell library contained the following spells:

 Spells                   Type           Power      Damage    Failure   Level
 Necrotise                Necr           0%         1d4       45%         1
 Vampiric Draining        Necr           0%         2d6       83%         3
 Volatile Blastmotes      Fire/Tloc      0%         2d10      83%         3
 Fulminant Prism          Conj/Hex       0%         3d5       99%         4
 Iskenderun's Mystic Bla  Conj/Tloc      0%         2d3       99%         4
 Agony                    Necr           0%         N/A       100%        5
 Simulacrum               Ice/Necr       0%         N/A       100%        6
 Ozocubu's Refrigeration  Ice            0%         4d7       100%        7
 Polar Vortex             Ice            0%         N/A       100%        9


Dungeon Overview and Level Annotations

Branches:
Dungeon (5/15)             Temple (1/1) D:4

Altars:
Ashenzari
Dithmenos
Elyvilon
Fedhas
Hepliaklqana
Kikubaaqudgha
Makhleb
Nemelex Xobeh
Okawaru
Qazlal
Trog
Uskayaw
Vehumet
Wu Jian
Xom
Yredelemnul
Zin
The Shining One

Shops:
D:4 *


Innate Abilities, Weirdness & Mutations

You are a hulking beast.
Your limbs bulge with bestial killing power. (Slay +2)
You are too large for most types of armour.
You have claws for hands.
Your natural rate of healing is unusually fast.
You are covered in fur. (AC +1)
You have tough skin. (AC +1)


Message History

No target in view!
You open the door.
There is an open door here.
You open the door.
There is an open door here.
You open the door.
There is an open door here.
There is an open door here.
Found a mace.
You hear the hiss of a very distant avalanche of sand.
You see here a +0 mace.
A jelly and an orc come into view.
The orc is wielding a +2 hand axe of distortion.
The jelly quivers.
The orc shouts!
The jelly barely misses you.
The orc hits you with a +2 hand axe of distortion.
Space warps horribly around you!
You scratch the jelly.
Your claws burn!
The jelly is moderately wounded.
You block the orc's attack. The jelly hits you but does no damage.
You claw the jelly!
Your claws burn!
The jelly is severely wounded.
The orc hits you with a +2 hand axe of distortion.
The jelly barely misses you.
You scratch the jelly.
Your claws burn!
The jelly is severely wounded.
The jelly hits you but does no damage.
The orc hits you with a +2 hand axe of distortion.
Space warps around you. The jelly attacks as it pursues you!
You block the jelly's attack. The orc attacks as it pursues you!
The orc hits you with a +2 hand axe of distortion.
Space warps horribly around you!
* * * LOW HITPOINT WARNING * * *
The orc attacks as it pursues you!
The orc hits you with a +2 hand axe of distortion.
* * * LOW HITPOINT WARNING * * *
Space warps around you!
You die...

##...##..##.##.
#.)...........†
#..............
#..............
#..............
########.............
##.....##.......##....
#......##.......######
#....h..........#
#....o..........#
##...J..........#
##..............+
+...............#
##.....##.......#
#.....##.......#
......######+###
^......#


You could see a jelly and an orc.

Vanquished Creatures
  A phantom (D:4)
  A hound (D:4)
  3 adders
  A shadow imp (D:5)
  4 worms
  2 dart slugs
  13 orcs
  10 ball pythons
  A bat (D:2)
  6 endoplasms
  6 giant cockroaches
  6 hobgoblins
  2 jackals (D:2)
  2 quokkas
  2 frilled lizards
  9 goblins
  8 rats
77 creatures vanquished.

Notes
Turn   | Place    | Note
-------+----------+-------------------------------------------
     0 | D:1      | BigPumpCobain the Troll Shapeshifter began the quest for
                  | the Orb.
     0 | D:1      | Reached XP level 1. HP: 18/18 MP: 0/0
   251 | D:1      | Reached XP level 2. HP: 26/26 MP: 1/1
   788 | D:2      | Reached XP level 3. HP: 31/32 MP: 2/2
  1123 | D:2      | Reached skill level 4 in Unarmed Combat
  1244 | D:3      | Found a blossoming altar of Fedhas.
  1244 | D:3      | Found a sparkling altar of Nemelex Xobeh.
  1401 | D:3      | Reached XP level 4. HP: 40/40 MP: 3/3
  1943 | D:4      | Found Helik's General Store.
  2053 | D:4      | Noticed a phantom
  2060 | D:4      | Killed a phantom
  2061 | D:4      | Reached XP level 5. HP: 40/46 MP: 4/4
  2238 | D:4      | Found an ancient bone altar of Kikubaaqudgha.
  2318 | D:4      | Found a staircase to the Ecumenical Temple.
  2321 | D:4      | Reached skill level 5 in Unarmed Combat
  2417 | D:5      | Entered Level 5 of the Dungeon
  2452 | Temple   | Entered the Ecumenical Temple
  2462 | Temple   | Became a worshipper of Trog the Wrathful
  2670 | D:5      | Slain by an orc

Illustrated notes

Levels and vault maps discovered:
D:1:      dpeg_arrival_simpleton_c, layout_basic, serial_bayou_pond_d,
          chequers_serial_rivers_large_b
D:2:      layout_basic
D:3:      layout_basic, gammafunk_temple_overflow_wave, minmay_circle_x
D:4:      layout_cave_pools, lemuel_coloured_pillars_altar,
          minmay_temple_entry_enclosed_plants, serial_shops, shop
D:5:      layout_gridville, mainiacjoe_ossuary_entry_dusty_tomb, uniq_sigmund
Temple:   hellmonk_temple_of_storms

Skill      XL: |  1  2  3  4  5 |
---------------+----------------+-----
Unarmed Combat | 4 5 |  5.1
Shapeshifting  | 4 |  4.8
Fighting       | |  0.7
Dodging        | |  1.5

Action                     |  1- 3 |  4- 6 || total
---------------------------+-------+-------++-------
  Melee: Unarmed           |   106 |    67 ||   173
         Punch             |     3 |     1 ||     4
 Armour: Animal skin       |    65 |    45 ||   110
  Dodge: Dodged            |    31 |    17 ||    48
  Block: Other             |       |    10 ||    10
         Reflection        |       |     1 ||     1

Table legend: (Time is in decaauts)
 A = Elapsed time spent in this place.
 B = Non-inter-level travel time spent in this place.
 C = Inter-level travel time spent in this place.
 D = Time resting spent in this place.
 E = Time spent auto-exploring this place.
 F = Levels seen in this place.
 G = Mean time per level.
                   A        B        C        D        E       F      G
               +--------+--------+--------+--------+--------+-----+--------+
         Total |   2656 |   2527 |    129 |      0 |   2117 |   6 |  442.7 |
       Dungeon |   2637 |   2518 |    119 |      0 |   2117 |   5 |  527.4 |
        Temple |     19 |     10 |      9 |      0 |      0 |   1 |   19.0 |
               +--------+--------+--------+--------+--------+-----+--------+

Top non-repeatable levels by time:
     D:3: 766 daAuts
     D:1: 614 daAuts
     D:4: 544 daAuts
     D:2: 521 daAuts
     D:5: 191 daAuts
  Temple: 19 daAuts
